 Dungeon Crawl Stone Soup version 0.22-a0-407-gb098539 (webtiles) character file.

56 Leszczynek the Chopper (level 3, -3/21 HPs)
             Began as a Tengu Warper on May 9, 2018.
             Slain by an orc
             ... wielding a +0 hand axe
              (5 damage)
             ... on level 4 of the Dungeon.
             The game lasted 00:05:16 (738 turns).

Leszczynek the Chopper (Tengu Warper)                Turns: 738, Time: 00:05:17

Health: -3/21      AC:  3    Str: 12    XL:     3   Next: 95%
Magic:  5/7        EV: 12    Int: 13    God:
Gold:   104        SH:  0    Dex: 13    Spells: 2/6 levels left

rFire    . . .     SeeInvis .   a - +0 hand axe
rCold    . . .     Gourm    .   (no shield)
rNeg     . . .     Faith    .   b - +0 leather armour
rPois    .         Spirit   .   (helmet restricted)
rElec    .         Reflect  .   (no cloak)
rCorr    .         Harm     .   (no gloves)
MR       .....                  (boots unavailable)
Stlth    +.........             (no amulet)
HPRegen  0.07/turn              (no ring)
MPRegen  0.10/turn              (no ring)

@: no status effects
A: beak, talons 3
a: no special abilities


You were on level 4 of the Dungeon.
You were not hungry.

You visited 1 branch of the dungeon, and saw 4 of its levels.

You collected 104 gold pieces.

Inventory:

Hand Weapons
 a - a +0 hand axe (weapon)
Missiles
 e - 5 tomahawks of dispersal (quivered)
Armour
 b - a +0 leather armour (worn)
Scrolls
 g - a scroll of immolation {unknown}
 i - 2 scrolls of identify {unknown}
 j - a scroll of teleportation {unknown}
 k - a scroll of fear {unknown}
Potions
 f - 2 potions of haste {unknown}
 h - a potion of curing {@q1}
Comestibles
 c - 5 chunks of flesh
 d - 3 rations


   Skills:
 - Level 2.0 Fighting
 + Level 4.5 Axes
 - Level 1.0 Throwing
 - Level 1.1 Armour
 - Level 2.1 Dodging
 - Level 2.0 Spellcasting
 - Level 2.4 Translocations


You had 2 spell levels left.
You knew the following spells:

 Your Spells              Type           Power        Failure   Level  Hunger
a - Shroud of Golubria    Chrm/Tloc      #.........   30%         2    ###....
B - Blink                 Tloc           N/A          19%         2    ###....


Dungeon Overview and Level Annotations

Branches:
Dungeon (4/15)
 Temple: D:4-7

Altars:
Uskayaw

Shops:
D:4 }


Innate Abilities, Weirdness & Mutations

You have a beak for a mouth.
You have claws for feet.


Message History

f - 2 emerald potions (gained 1) Memorise Blink, consuming 2 spell levels and leaving 4?
You start memorising the spell.
You continue memorising. x2
You finish memorising.
Spell assigned to 'B'.
Memorise Shroud of Golubria, consuming 2 spell levels and leaving 2?
You start memorising the spell.
You continue memorising. x2
You finish memorising.
Spell assigned to 'a'.
There is a stone staircase leading down here.
Cast which spell? (? or * to list) Space distorts slightly along a thin shroud covering your body.
You climb downwards.
The orc hits you with a hand axe.
Your shroud falls apart!
There is a stone staircase leading up, spattered with blood here.
You hit the orc but do no damage. Your kick misses the orc.
The orc hits you with a hand axe.
* * * LOW HITPOINT WARNING * * *
You barely miss the orc. Your kick misses the orc. The orc barely misses you.
Unknown command.
You hit the orc but do no damage. The orc hits you with a hand axe.
You die...

≈.≈.. ≈♣≈..P ..##...#
≈≈≈≈≈≈ ..⌠.⌠.#####
≈≈≈≈≈≈♣### ..∩......#
≈≈≈≈≈≈.#@# #⌠.⌠.....#
≈≈≈PP≈.#o# ........#
≈P≈≈≈≈...# .....%.#
♣♣♣♣#...#+###......#
...........o.#......#
.$.........o........#
#####...............#
#....(.....####.#
#..........#(.#.#


You could see an orc.

Vanquished Creatures
  An adder (D:2)
  A dart slug (D:1)
  A leopard gecko (D:1)
  An orc (D:3)
  2 bats (D:2)
  3 giant cockroaches
  7 goblins
  4 hobgoblins
  4 jackals (D:2)
  A quokka (D:2)
  A ball python (D:2)
  4 frilled lizards
  5 kobolds
  3 rats
38 creatures vanquished.

Notes
Turn   | Place    | Note
-------+----------+-------------------------------------------
     0 | D:1      | Leszczynek the Tengu Warper began the quest for the Orb.
     0 | D:1      | Reached XP level 1. HP: 12/12 MP: 4/4
    71 | D:1      | Reached XP level 2. HP: 17/17 MP: 6/6
    72 | D:1      | Reached skill level 3 in Axes
   247 | D:1      | Reached XP level 3. HP: 7/21 MP: 7/7
   430 | D:1      | Reached skill level 4 in Axes
   630 | D:4      | Found a hide-covered altar of Uskayaw.
   633 | D:4      | Noticed a hand axe
   634 | D:4      | Noticed a dagger
   641 | D:4      | Found Ruowit's Gadget Shoppe.
   712 | D:3      | Learned a level 2 spell: Blink
   715 | D:3      | Learned a level 2 spell: Shroud of Golubria
   736 | D:4      | HP: 2/21 [orc/hand axe (4)]
   738 | D:4      | Slain by an orc

Vault maps used:
D:1:      lordsloth_arrival_two_stooges
D:2:      grunt_ministairs_2, serial_park_tiny_2
D:3:      grunt_temple_overflow_cloverleaf, first_ration
D:4:      dancing_weapons_uskayaw, serial_shops, shop_fountains,
          serial_bayou_ford_a, minmay_misc_feat_four_crosses, tgw_trog,
          uniq_grinder, uniq_pikel, uniq_eustachio

Skill      XL: |  1  2  3 |
---------------+----------+-----
Axes           | 3 4 |  4.5
Fighting       | |  2.0
Throwing       | |  1.0
Armour         | |  1.1
Dodging        | |  2.1
Spellcasting   | |  2.0
Translocations | |  2.4

Action                   || total
-------------------------++-------
Melee: Hand axe          ||    85
       Kick              ||    20
       Peck              ||     7
 Cast: Shroud of Golubri ||     1
  Use: Potion            ||     2
       Scroll            ||     1
 Stab: Sleeping          ||     2
Armor: Leather armour    ||    19
Dodge: Dodged            ||    55

Table legend:
 A = Spawn XP
 B = Non-spawn XP
 C = Spawn XP percentage of total XP
 D = Spawn monster count
 E = Non-spawn monster count
 F = Spawn count percentage of total count
 G = Total turns spent on level
                    A         B        C        D         E        F      G
               +---------+---------+-------+---------+---------+-------+---------
         Total |       0 |      80 |   0.0 |       0 |      38 |   0.0 |   738
               +---------+---------+-------+---------+---------+-------+---------
           D:1 |       0 |      27 |   0.0 |       0 |      15 |   0.0 |   241
           D:2 |       0 |      46 |   0.0 |       0 |      20 |   0.0 |   357
           D:3 |       0 |       7 |   0.0 |       0 |       3 |   0.0 |   107
               +---------+---------+-------+---------+---------+-------+---------
